 Dungeon Crawl Stone Soup version 0.18.1-48-g4cf74bf (webtiles) character file.

441 RepoMan the Changer (level 6, -4/25 HPs)
             Began as a Felid Transmuter on Aug 8, 2016.
             Killed by divine providence
             ... invoked by an orc priest
              (11 damage)
             ... on level 6 of the Dungeon on Aug 9, 2016.
             The game lasted 00:53:38 (4981 turns).

RepoMan the Changer (Felid Transmuter)              Turns: 4981, Time: 00:53:39

Health: -4/25      AC:  2    Str:  7    XL:     6   Next: 70%
Magic:  8/12       EV: 25    Int: 14    God:
Gold:   205        SH:  0    Dex: 23    Spells: 3 memorised, 5 levels left
                                        Lives:  0   Deaths: 1

rFire  . . .     SeeInvis +       - Unarmed
rCold  . . .     Gourm    .     (armour unavailable)
rNeg   . . .     Faith    .     (shield unavailable)
rPois  x         Spirit   .     (helmet unavailable)
rElec  .         Dismiss  .     (cloak unavailable)
rCorr  .         Reflect  .     (gloves unavailable)
SustAt .         Harm     .     (boots unavailable)
MR     .....                    h - amulet of regeneration
Stlth  ++........               (no ring)
                                (no ring)

@: spider-form, not resistant to hostile enchantments, unstealthy
A: no armour, no weapons or thrown items, (claws 0), (fangs 0), see invisible,
carnivore 3, (speed 0), (shaggy fur 0), slow metabolism 1, (sharp paws)
a: End Transformation


You were on level 6 of the Dungeon.
You were completely stuffed.
You were a venomous arachnid creature.
You visited 1 branch of the dungeon, and saw 6 of its levels.
You also visited: Ossuary.

You collected 205 gold pieces.

Inventory:

Missiles
 a - 72 arrows
Jewellery
 h - an amulet of regeneration (around neck)
 s - an uncursed amulet of harm {unknown}
Scrolls
 e - a scroll of identify
 n - a scroll of magic mapping {unknown}
 p - a scroll of recharging {unknown}
 r - a scroll of remove curse
Potions
 d - a potion of invisibility
 g - 3 potions of curing
 i - a potion of mutation {unknown}
 k - a potion of haste {unknown}
 l - 3 potions of cancellation
 m - 2 potions of heal wounds {unknown}
 o - a potion of flight {unknown}
 q - a potion of lignification {unknown}
Books
 b - a book of Changes

   Spells                             Type                      Level
   a - Beastly Appendage              Transmutation                1
   b - Sticks to Snakes               Transmutation                2
   c - Spider Form                    Transmutation/Poison         3
   d - Ice Form                       Ice/Transmutation            4
   e - Blade Hands                    Transmutation                5
Comestibles
 c - 4 meat rations
 f - a slice of pizza
 j - a royal jelly
 v - a beef jerky


   Skills:
 - Level 1.0 Fighting
 + Level 4.7 Dodging
 - Level 1.1 Stealth
 + Level 4.8 Unarmed Combat
 + Level 3.4 Spellcasting
 * Level 5.1 Transmutations


You had 5 spell levels left.
You knew the following spells:

 Your Spells              Type           Power        Failure   Level  Hunger
a - Beastly Appendage     Trmt           ###...       10%         1    #......
c - Spider Form           Trmt/Pois      #.........   45%         3    ###....
s - Sticks to Snakes      Trmt           ###.....     14%         2    ##.....


Dungeon Overview and Level Annotations

Branches:
Dungeon (6/15)
 Temple: D:4-7

Altars:
Cheibriados
Dithmenos
Vehumet
Zin

Annotations:
D:3 Eukament's ghost, amateur GrWz; Robin; Terence
D:4 Eustachio


Innate Abilities, Weirdness & Mutations

You cannot wear armour.
You are incapable of wielding weapons or throwing items.
((You have sharp claws.))
((You have razor-sharp teeth.))
You have supernaturally acute eyesight.
You are carnivorous and can eat meat at any time.
((You cover ground quickly.))
((You are covered in thick fur (AC +2).))
You have a slow metabolism.
((Your sharp claws are effective at attacking unaware monsters.))


Message History

Ouch! That really hurt!
Drink which item? (? for menu, Esc to quit)
You feel better. The giant frog misses you.
The giant frog completely misses you.
Drink which item? (? for menu, Esc to quit)
You feel better. The giant frog barely misses you.
The orc priest mumbles some strange prayers to Beogh against you.
Beogh smites you!
You hit the giant frog.
The giant frog looks even sicker.
The giant frog is severely wounded.
The giant frog barely misses you. The giant frog hits you!
* * * LOW HITPOINT WARNING * * *
Drink which item? (? for menu, Esc to quit)
Okay, then.
You closely miss the giant frog.
The giant frog is almost dead.
The giant frog misses you.
The orc priest calls down the wrath of Beogh upon you.
Beogh smites you!
You die...

######....
........
.......
#.....
#.... .o.
#F# #s#
#.# #.#
#.# #.#
#.# #.#
#.# #.#


You could see a giant frog and an orc priest.

Vanquished Creatures
  3 crimson imps (D:5)
  3 giant frog zombies (D:5)
  2 hounds (D:5)
  An iguana (D:5)
  2 worker ants
  A worker ant zombie (D:5)
  A howler monkey skeleton (D:4)
  An adder (D:4)
  A shadow imp (D:5)
  An adder skeleton (D:4)
  A dart slug (D:1)
  6 giant geckos
  7 orcs
  5 giant cockroaches
  7 goblins
  7 hobgoblins
  2 quokkas
  A bat (D:1)
  A giant gecko skeleton (D:5)
  2 giant newts (D:1)
  3 goblin zombies (Ossuary)
  A hobgoblin zombie (Ossuary)
  6 kobolds
  3 quokka zombies (Ossuary)
  4 rats
  3 rat zombies (Ossuary)
75 creatures vanquished.

Vanquished Creatures (collateral kills)
  A worker ant (D:5)
  2 ogre zombies (Ossuary)
  A mummy (Ossuary)
  A gnoll (D:4)
  4 adders
  5 orcs
14 creatures vanquished.

Grand Total: 89 creatures vanquished

Notes
Turn   | Place    | Note
--------------------------------------------------------------
     0 | D:1      | RepoMan the Felid Transmuter began the quest for the Orb.
     0 | D:1      | Reached XP level 1. HP: 9/9 MP: 4/4
   212 | D:1      | Reached XP level 2. HP: 12/12 MP: 6/6
   216 | D:1      | Learned a level 2 spell: Sticks to Snakes
   917 | D:2      | Reached XP level 3. HP: 10/15 MP: 7/7
  1028 | D:2      | Learned a level 3 spell: Spider Form
  2244 | D:3      | Noticed an ogre
  2306 | D:3      | Noticed Terence
  2317 | D:3      | Noticed Eukament's ghost (amateur GrWz)
  2413 | D:4      | Reached skill level 1 in Stealth
  2541 | D:4      | Reached skill level 3 in Transmutations
  2541 | D:4      | Reached XP level 4. HP: 19/19 MP: 4/8
  3013 | D:3      | Noticed Robin
  3143 | D:4      | Noticed an ogre
  3170 | D:4      | Mangled by an ogre
  3171 | D:4      | Reached XP level 3. HP: -10/15 MP: 2/7
  3230 | D:4      | Found a shadowy altar of Dithmenos.
  3233 | D:4      | Noticed Eustachio
  3358 | D:4      | Noticed a giant frog
  3389 | D:4      | Noticed a phantom
  3409 | D:5      | Entered Level 5 of the Dungeon
  3412 | D:5      | Reached XP level 4. HP: 15/19 MP: 8/8
  3451 | D:5      | Found a sand-covered staircase.
  3516 | Ossuary  | Entered an ossuary
  3811 | Ossuary  | Noticed Menkaure
  3864 | D:5      | Reached skill level 4 in Transmutations
  3864 | D:5      | Reached XP level 5. HP: 7/22 MP: 10/10
  4002 | D:5      | Found a glowing silver altar of Zin.
  4005 | D:5      | Noticed an ogre
  4040 | D:5      | Found a radiant altar of Vehumet.
  4236 | D:5      | Gained mutation: You are covered in thick fur (AC +2). [Felid growth]
  4236 | D:5      | Reached XP level 6. HP: 21/25 MP: 11/11
  4801 | D:5      | Reached skill level 5 in Transmutations
  4881 | D:6      | Found a snail-covered altar of Cheibriados.
  4981 | D:6      | Killed from afar by an orc priest

Skill      XL: |  1  2  3  4  5  6 |
---------------+-------------------+-----
Dodging        | 3 4 |  4.7
Stealth        | 1 |  1.1
Transmutations | 3 4 5 |  5.1
Unarmed Combat | 4 |  4.8
Spellcasting   | 3 |  3.4
Fighting       | |  1.0

Action                   |  1- 3 |  4- 6 || total
-------------------------+-------+-------++-------
Melee: Unarmed           |   119 |   139 ||   258
       Bite              |     6 |    12 ||    18
       Headbutt          |     5 |     9 ||    14
       Punch             |       |     1 ||     1
 Cast: Beastly Appendage |     7 |    14 ||    21
       Sticks to Snakes  |    24 |    36 ||    60
       Spider Form       |       |     3 ||     3
  Use: Potion            |     1 |     3 ||     4
       Scroll            |       |     9 ||     9
 Stab: Sleeping          |     6 |     6 ||    12
       Distracted        |     1 |     4 ||     5
  Eat: Chunk             |    12 |    12 ||    24
Armor: Skin              |     3 |     2 ||     5
Dodge: Dodged            |    70 |    99 ||   169
